 Dungeon Crawl Stone Soup version 0.28-a0-1412-gf95308ed99 (webtiles) character file.

Game seed: 12917879191795813705

7 Demosthentine the Skirmisher (level 1, 0/18 HPs)
             Began as a Demonspawn Abyssal Knight on Jan 7, 2022.
             Was an Initiate of Lugonu.
             Slain by a hobgoblin (2 damage)
             ... on level 1 of the Dungeon.
             The game lasted 00:00:18 (226 turns).

Demosthentine the Skirmisher (DsAK)                  Turns: 226, Time: 00:00:19

Health: 0/18       AC:  3    Str: 13    XL:     1   Next: 83%
Magic:  2/2        EV: 11    Int: 11    God:    Lugonu [......]
Gold:   19         SH:  0    Dex: 13    Spells: 0/0 levels left

rFire   . . .      SeeInvis .   a - +1 spear
rCold   . . .      Faith    .   (no shield)
rNeg    . . .      Spirit   .   b - +0 leather armour
rPois   .          Reflect  .   (no helmet)
rElec   .          Harm     .   (no cloak)
rCorr   .          Rampage  .   (no gloves)
Will    .....                   (no boots)
Stlth   +.........              (no amulet)
HPRegen 0.06/turn               (no ring)
MPRegen 0.08/turn               (no ring)

@: no status effects
A: no striking features
a: Renounce Religion


You were on level 1 of the Dungeon.
You worshipped Lugonu.
Lugonu was noncommittal.
You visited 1 branch of the dungeon, and saw 1 of its levels.
You visited the Abyss 1 time.

You collected 19 gold pieces.

Inventory:

Hand Weapons
 a - a +1 spear (weapon)
Armour
 b - a +0 leather armour (worn)
Scrolls
 c - a scroll of identify {unknown}


   Skills:
 + Level 3.1 Fighting
 + Level 1.9 Polearms
 + Level 1.9 Armour
 + Level 1.1 Dodging
 + Level 2.6 Invocations


You couldn't memorise any spells.
You didn't know any spells.
Your spell library was empty.

Dungeon Overview and Level Annotations

Branches:
Dungeon (1/15)

Altars:


Message History

You hit the jackal.
You kill the jackal!
Lugonu accepts your kill.
Your Dodging skill increases to level 1!
You hit the kobold.
The kobold is moderately wounded.
The kobold hits you but does no damage.
You hit the kobold.
You kill the kobold!
Lugonu accepts your kill.
A rat comes into view.
You hit the frilled lizard.
You kill the frilled lizard!
Lugonu accepts your kill.
The jackal bites you but does no damage.
The jackal barely misses you.
Things that are here:
a +0 dagger; a frilled lizard corpse; a jackal corpse Unknown command.
The jackal misses you.
You hit the rat but do no damage. The jackal bites you.
* * * LOW HITPOINT WARNING * * *
The rat closely misses you.
You closely miss the rat. The jackal closely misses you.
The rat closely misses you.
You hit the rat.
You kill the rat!
Lugonu accepts your kill. The jackal barely misses you.
The jackal bites you but does no damage.
You barely miss the jackal. The jackal barely misses you.
You hit the jackal.
The jackal is moderately wounded.
The jackal barely misses you. The jackal bites you.
* * * LOW HITPOINT WARNING * * *
You hit the jackal.
You kill the jackal!
Lugonu accepts your kill.
You barely miss the hobgoblin. The hobgoblin hits you.
You die...

..#####.# #.##.#...#♣♣♣♣♣♣.
#.#####.####....#...........
#...............#....♣♣♣♣♣♣.
...........................>
###.#............##.......#.
.. #.#..#####.#.##.......#
## #.##.# #.#)##........# #.
#.. #.#g##........# #. ##.
#.#@##........# ..
..#.##...)....# ###.# #.#
#.# #.# #.. ...


You could see a hobgoblin.

Vanquished Creatures
  A hobgoblin (D:1)
  2 jackals (D:1)
  A kobold (D:1)
  A frilled lizard (D:1)
  A rat (D:1)
6 creatures vanquished.

Notes
Turn   | Place    | Note
-------+----------+-------------------------------------------
     0 | Abyss:1  | Demosthentine the Demonspawn Abyssal Knight began the quest
                  | for the Orb.
     0 | Abyss:1  | Reached XP level 1. HP: 18/18 MP: 2/2
    21 | Abyss:1  | Found a corrupted altar of Lugonu.
   114 | Abyss:1  | Found a corrupted altar of Lugonu.
   131 | Abyss:1  | Noticed a yellow draconian annihilator
   132 | D:1      | Escaped the Abyss
   214 | D:1      | Reached skill level 1 in Dodging
   226 | D:1      | Slain by a hobgoblin

Illustrated notes

Levels and vault maps discovered:
D:1:      dpeg_arrival_tiny_j, layout_basic,
          shapermc_ecumenical_altar_mp_ritualfount, serial_forest,
          infiniplex_forest_straight_4, infiniplex_forest_lined_corner,
          infiniplex_forest_clump_small, infiniplex_forest_straight_2

Skill      XL: |  1 |
---------------+----+-----
Dodging        | 1 |  1.1
Fighting       | |  3.1
Polearms       | |  1.9
Armour         | |  1.9
Invocations    | |  2.6

Action                   || total
-------------------------++-------
Melee: Spear             ||    28
Invok: Depart the Abyss  ||     1
Armor: Leather armour    ||     8
Dodge: Dodged            ||    27

Table legend: (Time is in decaauts)
 A = Elapsed time spent in this place.
 B = Non-inter-level travel time spent in this place.
 C = Inter-level travel time spent in this place.
 D = Time resting spent in this place.
 E = Time spent auto-exploring this place.
 F = Levels seen in this place.
 G = Mean time per level.
                   A        B        C        D        E       F      G
               +--------+--------+--------+--------+--------+-----+--------+
         Total |    226 |    226 |      0 |      0 |    175 |   2 |  113.0 |
       Dungeon |     94 |     94 |      0 |      0 |     48 |   1 |   94.0 |
         Abyss |    132 |    132 |      0 |      0 |    127 |   1 |  132.0 |
               +--------+--------+--------+--------+--------+-----+--------+

Top non-repeatable levels by time:
 Abyss:1: 132 daAuts
     D:1: 94 daAuts
